 Dungeon Crawl Stone Soup version 0.23.2-33-g5129a83184 (webtiles) character file.

Game seed: 4121275167200510039

415 microfolk the Sneak (level 6, -2/37 HPs)
             Began as an Octopode Ice Elementalist on July 8, 2019.
             Was an Initiate of Kikubaaqudgha.
             Slain by a worker ant (7 damage)
             ... on level 4 of the Dungeon.
             The game lasted 00:24:09 (6343 turns).

microfolk the Sneak (Octopode Ice Elementalist)     Turns: 6343, Time: 00:24:09

Health: -2/37      AC:  1    Str:  7    XL:     6   Next: 91%
Magic:  2/10       EV: 15    Int: 19    God:    Kikubaaqudgha [......]
Gold:   193        SH:  0    Dex: 13    Spells: 2/11 levels left

rFire    . . .     SeeInvis .   b - +1 dagger (holy)
rCold    . . .     Gourm    .   (no shield)
rNeg     . . .     Faith    .   (helmet restricted)
rPois    .         Spirit   .   (no amulet)
rElec    .         Reflect  .   s - +1 ring of evasion
rCorr    .         Harm     .   (no ring)
MR       .....                  (no ring)
Stlth    ++++......             (no ring)
HPRegen  0.12/turn              (no ring)
MPRegen  0.12/turn              (no ring)
                                (no ring)
                                (no ring)

@: no status effects
A: almost no armour, stealthy swim, amphibious, 8 rings, constrict 8, camouflage
1, gelatinous body 1
a: Renounce Religion


You were on level 4 of the Dungeon.
You worshipped Kikubaaqudgha.
Kikubaaqudgha was noncommittal.
You were not hungry.

You visited 2 branches of the dungeon, and saw 6 of its levels.

You collected 193 gold pieces.

Inventory:

Hand Weapons
 a - a +0 dagger of speed
 b - a +1 dagger of holy wrath (weapon)
 u - a +0 dagger of freezing
Missiles
 g - 59 poisoned needles
 h - 47 sling bullets
 l - 8 javelins of returning
 n - 105 stones (quivered)
Jewellery
 s - a +1 ring of evasion (left tentacle)
 t - an uncursed amulet of regeneration {unknown}
Wands
 y - a wand of flame (20)
Scrolls
 i - 2 scrolls of fog {unknown}
 j - 2 scrolls of remove curse {@r2}
 m - a scroll of noise {unknown}
 o - a scroll of enchant armour {unknown}
 p - a scroll of teleportation
 q - a scroll of amnesia {unknown}
 r - 2 scrolls of blinking
 x - a scroll of fear {unknown}
Potions
 c - a potion of mutation
 d - a potion of might {unknown}
 e - a potion of flight {unknown}
 f - 3 potions of brilliance
 v - 2 potions of invisibility {unknown}
 w - a potion of heal wounds {unknown}
 z - a potion of curing {unknown}
Comestibles
 k - 8 rations


   Skills:
 + Level 0.7 Fighting
 + Level 3.5 Dodging
 - Level 5.0 Stealth
 - Level 3.1 Spellcasting
 - Level 1.0 Conjurations
 - Level 3.0 Hexes
 * Level 1.2 Summonings
 - Level 4.0 Ice Magic


You had 2 spell levels left.
You knew the following spells:

 Your Spells              Type           Power        Failure   Level  Hunger
a - Freeze                Ice            ###.         3%          1    None
b - Throw Frost           Conj/Ice       ##....       9%          2    ##.....
c - Confusing Touch       Hex            ##....       4%          1    None
d - Animate Skeleton      Necr           N/A          16%         1    None
e - Summon Ice Beast      Ice/Summ       ##......     45%         4    ####...

Your spell library contained the following spells:

 Spells                   Type           Power        Failure   Level  Hunger
 Summon Small Mammal      Summ           #...         10%         1    None
 Apportation              Tloc           #.....       16%         1    None
 Ozocubu's Armour         Chrm/Ice       ##......     21%         3    ###....
 Throw Icicle             Conj/Ice       ##......     47%         4    ####...


Dungeon Overview and Level Annotations

Branches:
Dungeon (5/15)             Temple (1/1) D:4

Altars:
Ashenzari
Dithmenos
Elyvilon
Fedhas
Gozag
Hepliaklqana
Kikubaaqudgha
Makhleb
Nemelex Xobeh
Okawaru
Qazlal
Ru
Sif Muna
Trog
Uskayaw
Vehumet
Wu Jian
Xom
Yredelemnul
Zin

Annotations:
D:1 exclusion: 2 jackals
D:2 exclusion: 2 downstairs
D:3 3 exclusions, Ijyb, Sigmund
D:4 exclusions: door, 2 downstairs and 1 more exclusion


Innate Abilities, Weirdness & Mutations

You cannot wear most types of armour.
You are very stealthy in the water. (Stealth+)
You are amphibious.
You can wear up to eight rings at the same time.
You can use your tentacles to constrict eight enemies at once.
Your skin changes colour to match your surroundings (Stealth+).
Your rubbery body absorbs attacks. (AC +1, EV +1)


Message History

You constrict the worker ant, but do no damage.
The worker ant barely misses you.
You hit the worker ant.
The worker ant is moderately wounded.
You constrict the worker ant. The worker ant closely misses you.
Casting: Freeze (safe; 3% risk of failure)
Confirm with . or Enter, or press ? or * to list all spells.
Aiming: Freeze (safe; 3% risk of failure)
Press: ? - help, Shift-Dir - straight line, f/p - worker ant
Aim: a worker ant (moderately wounded, constricted by you)
You freeze the worker ant!
The worker ant is almost dead.
You constrict the worker ant. The worker ant bites you!
* * * LOW HITPOINT WARNING * * *
You hit the worker ant but do no damage.
The worker ant is almost dead.
You constrict the worker ant, but do no damage.
The worker ant bites you!
You die...
Kikubaaqudgha rasps: "You have failed me!
Welcome... death!"

.................###
#....#
......)......##P#P.###
#....#
....####....##_._._#P#
#....# ....#
#....#....P(.#* ######
##### #....#.P.⌠...#
#####P#.P(..##
#####.### #a.# ##@# ##
#(# #. #[# #. #.# #.
#.# #.
#.###############.
#.................
##################


You could see a worker ant.

Vanquished Creatures
  A slave (D:4)
  A scorpion (D:4)
  A howler monkey (D:4)
  An orc wizard (D:4)
  A worker ant (D:5)
  Robin (D:3)
  A howler monkey skeleton (D:5)
  5 adders
  A shadow imp (D:5)
  3 oozes (D:3)
  An adder zombie (D:5)
  An adder skeleton (D:4)
  6 worms
  4 dart slugs
  4 leopard geckos
  6 orcs
  3 ball pythons (D:4)
  2 giant cockroaches
  14 goblins
  10 hobgoblins
  4 quokkas
  6 bats
  4 frilled lizards
  7 kobolds
  A quokka zombie (D:5)
  2 rats
  A plant (D:1)
92 creatures vanquished.

Vanquished Creatures (collateral kills)
  A crimson imp (D:5)
  An orc priest (D:3)
  2 orcs (D:5)
  4 goblins (D:3)
  A rat (D:3)
9 creatures vanquished.

Grand Total: 101 creatures vanquished

Notes
Turn   | Place    | Note
-------+----------+-------------------------------------------
     0 | D:1      | microfolk the Octopode Ice Elementalist began the quest for
                  | the Orb.
     0 | D:1      | Reached XP level 1. HP: 11/11 MP: 3/3
   583 | D:1      | Reached skill level 3 in Stealth
   583 | D:1      | Reached XP level 2. HP: 16/17 MP: 1/5
   607 | D:1      | Learned a level 2 spell: Throw Frost
  1383 | D:2      | Reached XP level 3. HP: 11/21 MP: 0/6
  1800 | D:2      | Learned a level 1 spell: Confusing Touch
  1802 | D:2      | Learned a level 1 spell: Animate Skeleton
  2108 | D:2      | Reached XP level 4. HP: 23/27 MP: 1/7
  2619 | D:2      | Found a glowing silver altar of Zin.
  2934 | D:3      | Reached skill level 1 in Hexes
  3095 | D:3      | Reached skill level 4 in Stealth
  3095 | D:3      | Reached XP level 5. HP: 22/31 MP: 4/8
  3214 | D:3      | Noticed Ijyb
  3225 | D:3      | Found a faded altar of an unknown god.
  3651 | D:3      | Noticed Robin
  3896 | D:3      | Killed Robin
  4023 | D:3      | Noticed Sigmund
  4337 | D:4      | Found an iron altar of Okawaru.
  4339 | D:4      | Found a radiant altar of Vehumet.
  4341 | D:4      | Found a deep blue altar of Sif Muna.
  4495 | D:4      | Reached XP level 6. HP: 35/36 MP: 1/10
  4503 | D:4      | Found a staircase to the Ecumenical Temple.
  4582 | D:4      | Learned a level 4 spell: Summon Ice Beast
  4583 | Temple   | Entered the Ecumenical Temple
  4775 | Temple   | Became a worshipper of Kikubaaqudgha
  5409 | D:4      | Reached skill level 5 in Stealth
  5494 | D:4      | Noticed a slave
  5494 | D:4      | Noticed a slave
  5494 | D:4      | Noticed a slave
  5546 | D:4      | Killed a slave
  5653 | D:5      | Entered Level 5 of the Dungeon
  6030 | D:5      | Found a bloodstained altar of Trog.
  6036 | D:5      | Reached skill level 1 in Summonings
  6161 | D:5      | Noticed an orc warrior
  6343 | D:4      | Slain by a worker ant

Skill      XL: |  1  2  3  4  5  6 |
---------------+-------------------+-----
Stealth        | 3 4 5 |  5.0
Ice Magic      | 4 |  4.0
Hexes          | 1 2 3 |  3.0
Dodging        | 3 |  3.5
Spellcasting   | 3 |  3.1
Summonings     | 1 |  1.2
Fighting       | |  0.7
Conjurations   | |  1.0

Action                   |  1- 3 |  4- 6 || total
-------------------------+-------+-------++-------
Melee: Unarmed           |    36 |       ||    36
       Tentacles         |    12 |    26 ||    38
       Constrict         |    13 |    39 ||    52
       Dagger            |    20 |   119 ||   139
Throw: Stone             |     7 |    22 ||    29
 Cast: Freeze            |    25 |    39 ||    64
       Throw Frost       |    22 |    43 ||    65
       Animate Skeleton  |       |    20 ||    20
       Confusing Touch   |       |     1 ||     1
  Use: Scroll            |     3 |     4 ||     7
 Stab: Sleeping          |     1 |     8 ||     9
  Eat: Chunk             |     5 |    13 ||    18
       Ration            |       |     1 ||     1
Armor: Skin              |     4 |     2 ||     6
Dodge: Dodged            |    22 |    80 ||   102
